 Dungeon Crawl Stone Soup version 0.20.1-1-g8b1a95d (webtiles) character file.

14473 Firecrotchwizard the Cleaver (level 11, -9/102 HPs)
             Began as a Minotaur Berserker on Oct 24, 2017.
             Was a High Priest of Trog.
             Engulfed by a cloud of freezing vapour (14 damage)
             ... in an ice cave.
             The game lasted 00:25:15 (13527 turns).

Firecrotchwizard the Cleaver (Minotaur Berserker)  Turns: 13527, Time: 00:25:16

Health: -9/102     AC: 20    Str: 22    XL:     11   Next: 89%
Magic:  10/10      EV: 11    Int:  4    God:    Trog [*****.]
Gold:   708        SH:  5    Dex: 13    Spells: 10/10 levels left

rFire    . . .     SeeInvis +   a - +0 war axe
rCold    . . .     Gourm    .   G - +0 buckler
rNeg     . . .     Faith    .   j - +0 plate armour
rPois    .         Spirit   .   i - +2 hat
rElec    .         Reflect  .   (no cloak)
rCorr    .         Harm     .   E - +2 pair of gloves
MR       .....                  (no boots)
Stlth    ..........             (no amulet)
Regen    0.3/turn               s - ring of see invisible {sInv, !d}
MPRegen  0.2/turn               (no ring)

@: no status effects
A: retaliatory headbutt, horns 2
a: Berserk, Trog's Hand, Brothers in Arms, Burn Spellbooks, Renounce Religion


You were in an ice cave.
You worshipped Trog.
Trog was extremely pleased with you.
You were not hungry.

You visited 2 branches of the dungeon, and saw 12 of its levels.
You also visited: Ice Cave.

You collected 708 gold pieces.

Inventory:

Hand Weapons
 a - a +0 war axe (weapon)
   (You found it on level 6 of the Dungeon)
 b - the +0 hunting sling of Valiance {freeze, Int+3}
   (You found it on level 5 of the Dungeon)

   It causes projectiles fired from it to freeze those they strike, causing
   extra injury to most foes and up to half again as much damage against
   particularly susceptible opponents.
   They can also slow down cold-blooded creatures.
   It affects your intelligence (+3).
 B - a +1 dagger of pain
   (You took it off Dowan on level 6 of the Dungeon)
 N - a +5 blowgun
   (You found it in an ice cave)
Missiles
 k - 104 sling bullets
 p - 3 throwing nets {=f, !d}
 H - 6 curare-tipped needles
Armour
 i - a +2 hat (worn)
   (You found it on level 6 of the Dungeon)
 j - a +0 plate armour (worn)
   (You found it on level 4 of the Dungeon)
 E - a +2 pair of gloves (worn)
   (You found it on level 6 of the Dungeon)
 G - a +0 buckler (worn)
   (You found it on level 9 of the Dungeon)
Jewellery
 s - a ring of see invisible (left hand) {sInv, !d}
   (You took it off an orc wizard on level 3 of the Dungeon)
 C - an uncursed ring of fire {rF+, rC-}
   (You found it on level 8 of the Dungeon)
Wands
 g - a wand of random effects (30/48)
   (You found it on level 1 of the Lair of Beasts)
 F - a wand of iceblast (15/15)
   (You found it on level 6 of the Dungeon)
 M - a wand of digging (13/24)
   (You found it on level 9 of the Dungeon)
Scrolls
 e - 6 scrolls of identify
 f - 7 scrolls of enchant weapon
 t - 4 scrolls of teleportation
 v - 9 scrolls of fear
 w - a scroll of recharging
 x - 2 scrolls of remove curse
 y - 4 scrolls of fog
 D - a scroll of amnesia {unknown}
 K - a scroll of silence {unknown}
Potions
 d - 3 potions of cancellation
 l - 4 potions of mutation {!q}
 m - a potion of might {unknown}
 n - a potion of haste {unknown}
 o - 2 potions of lignification {!q}
 q - a potion of curing
 r - 4 potions of flight
 z - 2 potions of brilliance
 A - a potion of heal wounds {unknown}
 I - a potion of experience {unknown}
 J - a potion of resistance {unknown}
 L - a potion of ambrosia {unknown}
Comestibles
 c - 9 bread rations {@e1}
 h - 6 meat rations {@e2}
 u - 12 royal jellies


   Skills:
 + Level 11.0 Fighting
 * Level 14.5 Axes
 + Level 10.6 Armour
 + Level 8.6 Dodging
 - Level 4.0 Shields


You had 10 spell levels left.
You didn't know any spells.

Dungeon Overview and Level Annotations

Branches:
Dungeon (10/15)            Temple (0/1) D:4            Lair (2/6) D:8
  Swamp: Lair:2-4    Shoals: Lair:2-4     Snake: Lair:2-4    Spider: Lair:2-4
    Orc: D:9-12

Altars:
Ashenzari
Cheibriados
Dithmenos
Elyvilon
Fedhas
Makhleb
Nemelex Xobeh
Okawaru
Ru
Trog
Uskayaw
Yredelemnul
Zin

Shops:
D:10 ?


Innate Abilities, Weirdness & Mutations

You reflexively headbutt those who attack you in melee.
You have a pair of horns on your head.


Message History

You slash the ice statue! You barely miss the ice beast.
You slash the ice beast!
You are engulfed in freezing vapours.
The ice beast hits you but does no damage. x2
You take 11 damage, and have 44/102 hp.
You hit the ice statue.
Your plate armour prevents you from hitting the ice beast.
You hit the ice beast.
You are engulfed in freezing vapours.
The ice beast hits you but does no damage.
The ice beast barely misses you.
The ice statue gestures.
You hit the ice statue but do no damage.
You slash the ice beast! You hit the ice beast but do no damage.
You are engulfed in freezing vapours.
You block the ice beast's attack.
The ice beast hits you but does no damage.
You take 13 damage, and have 32/102 hp.
You slash the ice statue! You headbutt the ice statue! You slash the ice beast!
You hit the ice beast.
You are engulfed in freezing vapours.
* * * LOW HITPOINT WARNING * * *
The ice statue gestures at you. The shard of ice misses you.
You take 16 damage, and have 16/102 hp.
You hit the ice statue but do no damage.
You hit the ice beast. x2
You kill the ice beast!
You are engulfed in freezing vapours.
* * * LOW HITPOINT WARNING * * *
The ice beast misses you.
You take 6 damage, and have 10/102 hp.
You slice the ice statue!! You headbutt the ice statue.
You hit the ice beast but do no damage. You slash the ice beast!
The ice beast hits you but does no damage.
The ice statue gestures.
You block the ice beast's attack.
You slash the ice statue!
You destroy the ice statue!
Trog accepts your kill.
The ice beast disappears in a puff of smoke! x3
You enter the shallow water.
Moving in this stuff is going to be slow.
You regained 2 hp, and now have 15/102 hp.
N - a runed blowgun You regained 3 hp, and now have 18/102 hp.
You start resting.
You feel the effects of Trog's Hand fading.
You regained 10 hp, and now have 28/102 hp.
You start resting.
Your skin stops crawling.
You feel less resistant to hostile enchantments.
You regained 7 hp, and now have 35/102 hp.
You start resting.
You are engulfed in freezing vapours.
You regained 5 hp, and now have 40/102 hp.
You start resting.
You are engulfed in freezing vapours.
You take 6 damage, and have 34/102 hp.
It was a potion of curing.
You feel better.
You are engulfed in freezing vapours.
You regained 5 hp, and now have 39/102 hp.
You are engulfed in freezing vapours.
* * * LOW HITPOINT WARNING * * *
You take 19 damage, and have 20/102 hp.
You are engulfed in freezing vapours.
You enter the shallow water.
Moving in this stuff is going to be slow.
You start resting.
Health restored: 102 You are engulfed in freezing vapours.
You take 11 damage, and have 91/102 hp.
You enter the shallow water.
Moving in this stuff is going to be slow.
You are engulfed in freezing vapours.
You take 22 damage, and have 69/102 hp.
MASSIVE DAMAGE!!
You are engulfed in freezing vapours.
You take 20 damage, and have 49/102 hp.
Really walk into that cloud of freezing vapour? [Y]es or [N]o only, please.
Really walk into that cloud of freezing vapour?
Okay, then.
Really walk into that cloud of freezing vapour?
Okay, then.
You start resting.
You are engulfed in freezing vapours.
You regained 10 hp, and now have 60/102 hp.
You are engulfed in freezing vapours.
You take 12 damage, and have 48/102 hp.
You are engulfed in freezing vapours.
You take 9 damage, and have 39/102 hp.
You are engulfed in freezing vapours.
You take 4 damage, and have 35/102 hp.
You enter the shallow water.
Moving in this stuff is going to be slow.
You are engulfed in freezing vapours.
* * * LOW HITPOINT WARNING * * *
You take 11 damage, and have 24/102 hp.
You are engulfed in freezing vapours.
* * * LOW HITPOINT WARNING * * *
You take 19 damage, and have 5/102 hp.
You are engulfed in freezing vapours.
You die...

##§.##≈...#§..##
(##..##..####..#
÷#.≈..##..###..#
#÷#..###..##...##
##..####...##§§§##
#
#..####...####§§§#
..#
...##...####§#§###
#...# ..##...##
##§#§##...#
......## ##§§@.#
#...### ######
#####


There were no monsters in sight!

Vanquished Creatures
  4 two-headed ogres
  The ghost of Firecrotchwizard the Destroyer, a novice DrFE of Vehumet (D:8)
  A centaur zombie (D:10)
  The ghost of amavritansky the Thaumaturge, a novice DECj of Sif Muna (D:6)
  An ice statue (IceCv)
  A spiny frog (Lair:1)
  A freezing wraith (D:9)
  2 rime drakes (Lair:2)
  The ghost of Dmg11 the Fighter, an amateur MiFi (D:4)
  A queen bee (D:8)
  2 polar bears (IceCv)
  A troll (D:8)
  3 hippogriffs
  7 yaks
  The ghost of Dazliare the Shooter, an amateur CeHu of Okawaru (D:3)
  2 water moccasins (Lair:1)
  2 porcupines
  Duvessa (D:6)
  6 orc warriors
  6 ice beasts
  2 sky beasts
  3 black bears
  2 phantoms
  4 ogres
  5 wolves
  3 crocodiles (Lair:1)
  A centaur (D:9)
  6 bullfrogs
  A water moccasin zombie (D:7)
  Dowan (D:6)
  2 scorpions (D:4)
  23 killer bees
  4 wights (D:10)
  A howler monkey (D:5)
  An electric eel (D:8)
  4 crimson imps
  A quasit (D:10)
  2 bullfrog skeletons
  10 hounds
  A jelly (D:10)
  10 orc priests
  A centaur skeleton (D:4)
  14 orc wizards
  A gnoll shaman (D:8)
  4 iguanas
  5 worker ants
  A hound skeleton (D:7)
  3 worker ant zombies
  12 gnolls
  2 howler monkey skeletons
  6 adders
  A shadow imp (D:5)
  An ooze (D:2)
  2 adder skeletons
  An adder zombie (D:8)
  3 worms
  A dart slug (D:5)
  8 leopard geckos
  34 orcs
  4 giant cockroaches
  10 goblins
  4 hobgoblins
  5 jackals (D:1)
  4 kobolds
  4 quokkas
  11 bats
  4 frilled lizards
  A leopard gecko skeleton (D:4)
  14 rats
293 creatures vanquished.

Vanquished Creatures (collateral kills)
  A yak (IceCv)
1 creature vanquished.

Grand Total: 294 creatures vanquished

Notes
Turn   | Place    | Note
-------+----------+-------------------------------------------
     0 | D:1      | Firecrotchwizard the Minotaur Berserker began the quest for the Orb.
     0 | D:1      | Reached XP level 1. HP: 19/19 MP: 0/0
   148 | D:1      | Reached XP level 2. HP: 16/27 MP: 1/1
   509 | D:1      | Reached skill level 4 in Axes
   527 | D:1      | Reached skill level 3 in Armour
   533 | D:1      | Reached ** piety under Trog
   702 | D:1      | Reached skill level 4 in Fighting
   702 | D:1      | Reached XP level 3. HP: 25/33 MP: 2/2
  1683 | D:2      | Reached XP level 4. HP: 16/40 MP: 3/3
  1697 | D:2      | HP: 10/40 [poisoned by an adder]
  1704 | D:2      | HP: 9/40 [poisoned by an adder]
  1712 | D:2      | HP: 8/40 [poisoned by an adder]
  2700 | D:3      | Reached skill level 5 in Axes
  2700 | D:3      | Reached skill level 3 in Dodging
  2700 | D:3      | Reached XP level 5. HP: 24/47 MP: 4/4
  2848 | D:3      | Reached skill level 4 in Armour
  2930 | D:3      | Reached *** piety under Trog
  2937 | D:3      | Noticed Dazliare's ghost (amateur CeHu)
  2960 | D:3      | Killed Dazliare's ghost
  2960 | D:3      | Reached XP level 6. HP: 38/55 MP: 5/5
  3090 | D:3      | Found a hide-covered altar of Uskayaw.
  3313 | D:3      | Found a blossoming altar of Fedhas.
  3464 | D:4      | Reached skill level 5 in Fighting
  3464 | D:4      | Reached skill level 6 in Axes
  3711 | D:4      | Noticed Dmg11's ghost (amateur MiFi)
  3721 | D:4      | Killed Dmg11's ghost
  3721 | D:4      | Reached skill level 5 in Armour
  3721 | D:4      | Reached skill level 4 in Dodging
  3721 | D:4      | Reached XP level 7. HP: 57/61 MP: 6/6
  3743 | D:4      | Found a snail-covered altar of Cheibriados.
  3866 | D:4      | Reached skill level 7 in Axes
  4658 | D:4      | Reached skill level 6 in Fighting
  4748 | D:4      | Found a staircase to the Ecumenical Temple.
  4835 | D:5      | Entered Level 5 of the Dungeon
  4858 | D:5      | Reached skill level 5 in Dodging
  4858 | D:5      | Reached XP level 8. HP: 37/70 MP: 7/7
  5206 | D:5      | Reached skill level 8 in Axes
  5213 | D:5      | Reached skill level 6 in Armour
  5228 | D:5      | Reached skill level 9 in Axes
  5230 | D:5      | HP: 13/71 [yak (11)]
  5231 | D:5      | HP: 6/71 [yak (7)]
  5236 | D:5      | Reached skill level 7 in Fighting
  5747 | D:5      | Reached XP level 9. HP: 79/79 MP: 8/8
  5753 | D:5      | Reached skill level 6 in Dodging
  5759 | D:5      | Reached **** piety under Trog
  5911 | D:5      | Reached skill level 7 in Armour
  6080 | D:5      | Found a sacrificial altar of Ru.
  6143 | D:5      | Got a polished hunting sling
  6144 | D:5      | Identified the cursed +0 hunting sling of Valiance {freeze, Int+3} (You found it on level 5 of the Dungeon)
  6254 | D:6      | Noticed a moth of wrath
  6257 | D:6      | Found a bloodstained altar of Trog.
  6383 | D:6      | Noticed amavritansky's ghost (novice DECj)
  6400 | D:6      | Killed amavritansky's ghost
  6400 | D:6      | Reached skill level 10 in Axes
  6829 | D:6      | Noticed Duvessa
  6829 | D:6      | Noticed Dowan
  6843 | D:6      | Killed Duvessa
  6848 | D:6      | Killed Dowan
  6985 | D:6      | Reached skill level 8 in Fighting
  7018 | D:6      | Found a white marble altar of Elyvilon.
  7090 | D:6      | Found a glowing silver altar of Zin.
  7143 | D:7      | Reached skill level 11 in Axes
  7284 | D:7      | Reached skill level 7 in Dodging
  7292 | D:7      | Reached skill level 8 in Armour
  7457 | D:7      | Reached XP level 10. HP: 90/90 MP: 9/9
  7833 | D:7      | Found a sparkling altar of Nemelex Xobeh.
  8143 | D:8      | Noticed a two-headed ogre
  8148 | D:8      | Killed a two-headed ogre
  8148 | D:8      | Reached skill level 9 in Fighting
  8148 | D:8      | Reached skill level 12 in Axes
  8326 | D:8      | Noticed Firecrotchwizard's ghost (novice DrFE)
  8337 | D:8      | Killed Firecrotchwizard's ghost
  8337 | D:8      | Reached skill level 9 in Armour
  8471 | D:8      | Got a steaming robe
  8493 | D:8      | Found a shattered altar of Ashenzari.
  8592 | D:8      | Reached skill level 8 in Dodging
  8636 | D:8      | Found an iron altar of Okawaru.
  8886 | D:8      | HP: 21/91 [killer bee (4)]
  8891 | D:8      | HP: 29/138 [poisoned by a queen bee]
  8895 | D:8      | Reached ***** piety under Trog
  8896 | D:8      | HP: 25/138 [poisoned by a queen bee]
  8902 | D:8      | HP: 18/138 [poisoned by a queen bee]
  8907 | D:8      | HP: 13/92 [poisoned by a queen bee]
  8912 | D:8      | HP: 18/92 [poisoned by a queen bee]
  8918 | D:8      | HP: 23/92 [poisoned by a queen bee]
  8923 | D:8      | HP: 23/92 [poisoned by a queen bee]
  9432 | D:8      | Found a staircase to the Lair.
  9527 | D:8      | Found a basalt altar of Yredelemnul.
  9590 | D:9      | Reached skill level 13 in Axes
  9610 | D:9      | Reached XP level 11. HP: 64/99 MP: 10/10
  9817 | D:9      | Reached skill level 10 in Fighting
  9940 | D:9      | Noticed a two-headed ogre
  9954 | D:9      | Killed a two-headed ogre
  9954 | D:9      | Reached skill level 1 in Shields
 10154 | D:9      | Found a burning altar of Makhleb.
 10191 | D:9      | Noticed a two-headed ogre
 10202 | D:9      | Killed a two-headed ogre
 10308 | D:9      | HP: 24/100 [freezing wraith (18)]
 10309 | D:9      | Reached skill level 2 in Shields
 10972 | D:9      | Found a shadowy altar of Dithmenos.
 11194 | D:9      | Reached skill level 10 in Armour
 11206 | D:10     | Entered Level 10 of the Dungeon
 11206 | D:10     | Noticed a two-headed ogre
 11216 | D:10     | Killed a two-headed ogre
 11216 | D:10     | Reached skill level 3 in Shields
 11400 | D:10     | Found Tinarisa's Magic Scroll Emporium.
 11783 | Lair:1   | Entered Level 1 of the Lair of Beasts
 11786 | Lair:1   | Reached skill level 14 in Axes
 12144 | Lair:1   | Reached skill level 4 in Shields
 12592 | Lair:2   | Found a frozen archway.
 12650 | IceCv    | Entered an ice cave
 12682 | IceCv    | HP: 20/101 [polar bear (23)]
 12685 | IceCv    | HP: 9/101 [polar bear (1)]
 12687 | IceCv    | Reached skill level 11 in Fighting
 12693 | IceCv    | HP: 11/153 [polar bear (5)]
 12694 | IceCv    | Received a gift from Trog
 13073 | IceCv    | HP: 15/102 [ice statue] (17)]
 13122 | IceCv    | HP: 20/102 [something (19)]
 13525 | IceCv    | HP: 23/102 [something (12)]
 13526 | IceCv    | HP: 5/102 [something (19)]
 13527 | IceCv    | Engulfed by a cloud of freezing vapour

Skill      XL: |  1  2  3  4  5  6  7  8  9 10 11 |
---------------+----------------------------------+-----
Axes           | 4 5 6 7 9 11 13 14 | 14.5
Armour         | 3 4 5 6 8 9 10 | 10.6
Fighting       | 4 5 6 7 8 9 11 | 11.0
Dodging        | 3 4 5 7 8 |  8.6
Shields        | 4 |  4.0

Action                   |  1- 3 |  4- 6 |  7- 9 | 10-12 || total
-------------------------+-------+-------+-------+-------++-------
Melee: Hand axe          |    87 |    76 |   195 |       ||   358
       Headbutt          |    11 |     9 |    62 |    98 ||   180
       War axe           |       |       |   130 |   393 ||   523
 Fire: Hunting sling     |       |       |    25 |    30 ||    55
Invok: Trog's Hand       |       |     3 |     4 |     6 ||    13
       Berserk           |       |     2 |       |     2 ||     4
       Burn Spellbooks   |       |       |     1 |     3 ||     4
       Brothers in Arms  |       |       |       |     2 ||     2
  Use: Scroll            |     1 |     6 |     4 |     6 ||    17
       Potion            |       |       |       |     4 ||     4
 Stab: Sleeping          |       |     1 |       |       ||     1
  Eat: Chunk             |     2 |     8 |    14 |    16 ||    40
       Fruit             |       |       |     1 |     7 ||     8
       Meat ration       |       |       |       |     1 ||     1
Armor: Animal skin       |    17 |     3 |       |       ||    20
       Plate armour      |       |       |   148 |   225 ||   373
       Skin              |       |       |       |     4 ||     4
Dodge: Dodged            |    69 |    42 |   132 |   217 ||   460
Block: Buckler           |       |       |       |    37 ||    37

Vault maps used:
D:1:      zaba_arrival_water, minmay_pentomino_o4
D:2:      first_bread
D:3:      lemuel_round_altar, fedhas_altar_fruit_tree
D:4:      cheibriados_altar_1, minmay_temple_entry_nine_rooms
D:5:      lemuel_tele_altar
D:6:      kennysheep_little_box, zin_statuary, tgw_trog, uniq_duvessa
D:7:      nemelex_altar_shiori
D:8:      nicolae_overflow_hidden_temple, erik_lair_island, david_nohive_1
D:9:      kennysheep_mini_moat, marbit_many_paths
D:10:     serial_shops, shop_coins
Lair:1:   grunt_megastairs_5
Lair:2:   swamp_mist, portal_ice_cave_rime, serial_bayou_shore_a,
          serial_bayou_shore_b
IceCv:    ice_cave_caverns_02

Table legend:
 A = Turns spent in this place as a percentage of turns spent in the entire game.
 B = Non-inter-level travel turns spent in this place as a percentage of non-inter-level travel turns spent in the entire game.
 C = Inter-level travel turns spent in this place as a percentage of turns spent in this place.
 D = Turns resting spent in this place as a percentage of non-inter-level travel turns spent in this place.
 E = Turns spent auto-exploring this place as a percentage of non-inter-level travel turns spent in this place.
 F = Non-inter-level travel turns spent in this place divided by the number of levels of this place that you've seen.
                   A       B       C       D       E      F
               +-------+-------+-------+-------+-------+----------------------
         Total | 100.0 | 100.0 |   0.6 |   5.1 |  11.3 | 203.6
       Dungeon |  89.3 |  89.3 |   0.6 |   4.7 |  11.8 | 236.3
          Lair |   5.9 |   5.9 |   0.6 |   3.8 |  10.8 |  78.5
      Ice Cave |   4.8 |   4.8 |   0.0 |  15.0 |   1.6 | 127.0
               +-------+-------+-------+-------+-------+----------------------

Table legend:
 A = Kills in this place as a percentage of kills in entire the game.
 B = Kills by you in this place as a percentage of kills by you in the entire game.
 C = Kills by friends in this place as a percentage of kills by friends in the entire game.
 D = Other kills in this place as a percentage of other kills in the entire game.
 E = Experience gained in this place as a percentage of experience gained in the entire game.
 F = Experience gained in this place divided by the number of levels of this place that you have seen.
                   A       B       C       D       E      F
               +-------+-------+-------+-------+-------+----------------------
         Total | 100.0 | 100.0 | 100.0 |  -nan | 100.0 | 1590.5
       Dungeon |  93.2 |  93.5 |   0.0 |  -nan |  81.3 | 1680.6
          Lair |   4.1 |   4.1 |   0.0 |  -nan |  12.3 | 1270.0
      Ice Cave |   2.7 |   2.4 | 100.0 |  -nan |   6.4 | 1331.0
               +-------+-------+-------+-------+-------+----------------------
